 Dungeon Crawl Stone Soup version 0.30.1-3-gfc49f6343a (webtiles) character file.

Game seed: 15214468315622927660

19 arthad the Digger (level 2, -2/20 HPs)
             Began as a Formicid Earth Elementalist on July 21, 2023.
             Slain by a hobgoblin (3 damage)
             ... on level 1 of the Dungeon.
             The game lasted 00:03:00 (298 turns).

arthad the Digger (Formicid Earth Elementalist)      Turns: 298, Time: 00:03:01

Health: -2/20      AC:  2    Str: 12    XL:     2   Next: 95%
Magic:  2/5        EV: 12    Int: 14    God:
Gold:   24         SH:  0    Dex: 14    Spells: 4/5 levels left

rFire   . . .        (no weapon)
rCold   . . .        (no shield)
rNeg    . . .        a - +0 robe
rPois   .            (helmet unavailable)
rElec   .            (no cloak)
rCorr   .            (no gloves)
SInv    +            (no boots)
Will    .....        (no amulet)
Stlth   ++           (no ring)
HPRegen 0.23/turn    (no ring)
MPRegen 0.09/turn

%: no passive effects
@: no status effects
A: permanent stasis, dig shafts and tunnels, antennae 3, four strong arms
a: Dig, Shaft Self


You were on level 1 of the Dungeon.
You visited 1 branch of the dungeon, and saw 1 of its levels.

You collected 24 gold pieces.

Inventory:

Missiles
 c - 3 poisoned darts
Armour
 a - a +0 robe (worn)


   Skills:
 + Level 0.4 Fighting
 + Level 0.4 Armour
 + Level 2.0 Dodging
 + Level 2.7 Stealth
 * Level 2.4 Spellcasting
 + Level 1.3 Transmutations
 * Level 3.9 Earth Magic


You had 4 spell levels left.
You knew the following spells:

 Your Spells              Type           Power      Damage    Failure   Level
a - Sandblast             Erth           24%        2d8       4%          1

Your spell library contained the following spells:

 Spells                   Type           Power      Damage    Failure   Level
 Passwall                 Tmut/Erth      7%         N/A       12%         2
 Stone Arrow              Conj/Erth      14%        3d7       30%         3
 Petrify                  Tmut/Erth      9%         N/A       58%         4


Dungeon Overview and Level Annotations

Branches:
Dungeon (1/15)

Altars:


Innate Abilities, Weirdness & Mutations

You cannot be hasted, slowed, berserked, paralysed or teleported.
You can dig through walls and to a lower floor.
You have a pair of large antennae on your head. (SInv)
Your four strong arms can wield two-handed weapons with a shield.


Message History

The jackal misses you. The jackal attacks as you move away!
The jackal barely misses you. The jackal attacks as you move away!
The jackal bites you. x2
* * * LOW HITPOINT WARNING * * *
The jackal attacks as you move away!
The jackal bites you but does no damage.
You barely miss the jackal. The jackal misses you.
Aiming: Sandblast (safe; 4% risk of failure)
Press: ? - help, Q - select action, (/) - cycle Shift-Dir - straight line, f - jackal
Aim: a jackal (77% to hit)
The blast of sand hits the jackal!
You kill the jackal!
You hit the jackal.
The jackal is heavily wounded.
The jackal bites you.
* * * LOW HITPOINT WARNING * * *
The jackal bites you.
* * * LOW HITPOINT WARNING * * *
Magic courses through your body. The jackal barely misses you.
Aiming: Sandblast (safe; 4% risk of failure)
Press: ? - help, Q - select action, (/) - cycle Shift-Dir - straight line, f - jackal
Aim: a jackal (heavily wounded, 77% to hit)
The blast of sand hits the jackal but does no damage.
The jackal is heavily wounded.
The jackal bites you.
* * * LOW HITPOINT WARNING * * *
The jackal barely misses you.
Aiming: Sandblast (safe; 4% risk of failure)
Press: ? - help, Q - select action, (/) - cycle Shift-Dir - straight line, f/p - jackal
Aim: a jackal (heavily wounded, 77% to hit)
The blast of sand hits the jackal!
You kill the jackal!
Your Dodging skill increases to level 2!
Aiming: Sandblast (safe; 4% risk of failure)
Press: ? - help, Q - select action, (/) - cycle Shift-Dir - straight line, f - hobgoblin
Aim: a hobgoblin (82% to hit)
The blast of sand hits the hobgoblin.
The hobgoblin is heavily wounded.
The hobgoblin hits you.
You die...

########## .........#
.........# .........#
.†.......# #####
.........###...#####
.........>...#.#...#
.†........####.#g#.#
..........#....#@#.#
####...##........#.###
##.....##.#.###..#...#
##.######.#.(....###.#
##. #.#..##.## #†# ##.
..#..##.# #{# ...
#.#..##.####†#### ...
#.#..##.#.......# .##
#.#.....#.#.###.#


You could see a hobgoblin.

Vanquished Creatures
  3 ball pythons (D:1)
  4 endoplasms (D:1)
  3 hobgoblins (D:1)
  4 jackals (D:1)
  2 bats (D:1)
16 creatures vanquished.

Notes
Turn   | Place    | Note
-------+----------+-------------------------------------------
     0 | D:1      | arthad the Formicid Earth Elementalist began the quest for
                  | the Orb.
     0 | D:1      | Reached XP level 1. HP: 13/13 MP: 3/3
   115 | D:1      | Reached XP level 2. HP: 19/19 MP: 0/5
   296 | D:1      | HP: 1/20 [jackal (2)]
   298 | D:1      | Slain by a hobgoblin

Illustrated notes

Levels and vault maps discovered:
D:1:      onia_arrival_handbag, layout_basic, kennysheep_boxes

Skill      XL: |  1  2 |
---------------+-------+-----
Dodging        | 2 |  2.0
Fighting       | |  0.4
Armour         | |  0.4
Stealth        | |  2.7
Spellcasting   | |  2.4
Transmutations | |  1.3
Earth Magic    | |  3.9

Action                     || total
---------------------------++-------
  Melee: Unarmed           ||    27
   Cast: Sandblast         ||    24
    Use: Potion            ||     1
 Armour: Robe              ||     6
  Dodge: Dodged            ||    23
